AoeStats
← Koti

African Clearing

510650195Analyzed
4v4 RM · 14h ago on Oct 2, 2026· 56m 3s· 8 players
Game mode
Random Map
Map size
Large (8 player)
Population
200
Speed
Normal
Resources
Standard
Victory
Conquest
Starting age
Dark Age
Ending age
Imperial Age
RankedLock teamsTeams togetherTeam positionsShared explorationLock speedFull tech treeHidden civsTurbo modeCheats
Victory
Defeat
🇫🇷 Tupi · France
1583
+12
🇹🇷 Huns · Türkiye
1575
+13
🇮🇪 Britons · Ireland
1484
+16
🇮🇳 Italians · India
1447
+18
🇶🇦 Inca · Qatar
1509
-15
🇦🇷 Malay · Argentina
1500
-15
🇭🇰 Dravidians · Hong Kong SAR China
1492
-15
🇲🇽 Goths · Mexico
1475
-14
OzoneMX2022
5:59 Loom
11:45 Feudal Age
12:58 Double-Bit Axe
15:28 Fletching
19:22 Padded Archer Armor
20:41 Forging
25:51 Castle Age
25:04 Stone Mining
25:58 Crossbowman
26:33 Bodkin Arrow
28:36 Squires
28:45 Scale Mail Armor
33:02 Pikeman
37:27 Chain Mail Armor
39:55 Iron Casting
44:27 Wheelbarrow
47:55 Imperial Age
45:57 Anarchy
47:38 Elite Skirmisher
50:12 Bracer
JanChess
10:00 Loom
12:22 Feudal Age
16:12 Castle Age
17:30 Wheelbarrow
16:20 Champi Runner
17:02 Scale Mail Armor
17:17 Double-Bit Axe
17:33 Champi Warrior
38:06 Bow Saw
39:03 Gold Mining
38:54 Horse Collar
39:49 Chain Mail Armor
40:28 Forging
41:46 Squires
42:20 Fletching
43:53 Stone Mining
45:25 Bodkin Arrow
45:53 Padded Archer Armor
45:37 Crossbowman
46:54 Iron Casting
47:04 Leather Archer Armor
49:36 Imperial Age
47:41 Leather Archer Armor
48:02 Iron Casting
49:01 Thumb Ring
49:36 Ballistics
Panchi
4:08 Loom
44:07 Feudal Age
44:53 Double-Bit Axe
47:53 Castle Age
50:15 Castle Age
52:02 Wheelbarrow
NotResignFast
7:04 Loom
12:06 Feudal Age
11:58 Double-Bit Axe
18:17 Fletching
22:03 Castle Age
21:14 Padded Archer Armor
21:13 Gold Mining
22:03 Bodkin Arrow
21:52 Crossbowman
32:31 Ballistics
35:18 Horse Collar
36:09 Stone Mining
43:35 Imperial Age
41:26 Heavy Plow
42:13 Wheelbarrow
42:33 Thumb Ring
42:06 Elite Skirmisher
43:03 Bracer
45:57 Chemistry
44:59 Capped Ram
46:55 Leather Archer Armor
46:55 Arbalester
48:35 Masonry
49:06 Crop Rotation
49:47 Hand Cart
51:15 Coinage
52:06 Bow Saw
52:35 Gold Shaft Mining
54:18 Ring Archer Armor
53:58 Forging
54:08 Siege Engineers
54:27 Conscription
54:06 Pikeman
56:45 Iron Casting
Madbun
3:17 Loom
12:42 Feudal Age
13:26 Loom
13:42 Double-Bit Axe
20:00 Castle Age
19:39 Fletching
20:29 Padded Archer Armor
20:13 Crossbowman
21:06 Bodkin Arrow
30:41 Wheelbarrow
30:45 Leather Archer Armor
31:05 Ballistics
32:28 Gold Mining
42:02 Bow Saw
43:46 Hand Cart
43:16 Town Watch
46:16 Imperial Age
45:08 Yeomen
46:35 Hand Cart
46:05 Town Watch
47:14 Bracer
47:45 Ring Archer Armor
47:40 Conscription
46:59 Arbalester
49:36 Chemistry
49:40 Siege Engineers
51:08 Warwolf
Koti
6:07 Loom
13:01 Feudal Age
17:24 Castle Age
16:46 Scale Mail Armor
16:57 Forging
16:37 Double-Bit Axe
16:45 Fletching
18:11 Bodkin Arrow
22:22 Ballistics
23:02 Padded Archer Armor
24:18 Bow Saw
35:42 Wheelbarrow
41:41 Imperial Age
39:38 Town Watch
40:19 Leather Archer Armor
41:19 Horse Collar
42:26 Hand Cart
42:24 Bracer
43:09 Conscription
44:15 Chemistry
44:49 Ring Archer Armor
45:53 Squires
45:53 Scale Mail Armor
46:04 Forging
47:46 Chain Mail Armor
49:09 Plate Mail Armor
49:16 Iron Casting
49:45 Elite Ibirapema Warrior
50:32 Gold Mining
51:55 Treadmill Crane
53:26 Sappers
55:56 Arson
Mystogan
8:57 Loom
27:08 Feudal Age
27:47 Horse Collar
27:53 Double-Bit Axe
30:53 Castle Age
29:54 Stone Mining
29:55 Gold Mining
31:55 Bow Saw
33:21 Heavy Plow
35:00 Wheelbarrow
40:33 Imperial Age
39:01 Padded Archer Armor
40:53 Leather Archer Armor
42:19 Chemistry
44:02 Pirotechnia
46:19 Two-Man Saw
45:50 Crop Rotation
47:59 Conscription
48:30 Ring Archer Armor
49:02 Hand Cart
48:32 Town Watch
50:23 Fletching
53:34 Town Patrol
53:31 Bodkin Arrow
56:15 Bracer
56:40 Ballistics
56:16 Murder Holes
LonzoWall
7:49 Loom
11:46 Feudal Age
12:27 Double-Bit Axe
16:40 Scale Barding Armor
21:25 Bloodlines
30:47 Castle Age
29:29 Horse Collar
31:03 Light Cavalry
31:44 Husbandry
37:22 Wheelbarrow
41:29 Chain Barding Armor
41:38 Fletching
45:36 Forging
47:40 Hand Cart
47:54 Bow Saw
52:58 Imperial Age
53:14 Cavalier
56:05 Plate Barding Armor
56:20 Gold Mining
Connection lost

Rejoining the realm…

Still unreachable

The connection could not be restored.

Session expired

The server has moved on; the page needs a fresh start.